 Dungeon Crawl Stone Soup version bcrawl-1.36 (webtiles) character file.

Game seed: 10488148076720192914

325333 iceDog the Basher (level 9, -18/79 HPs)
             Began as a Minotaur Archaeologist on Apr 18, 2022.
             Was an Initiate of Makhleb.
             Killed from afar by Harold (26 damage)
             ... with a bolt of fire
             ... on level 8 of the Dungeon.
             The game lasted 00:21:46 (5738 turns).

iceDog the Basher (Minotaur Archaeologist)          Turns: 5738, Time: 00:21:47

Health: -18/79     AC: 18    Str: 19    XL:     9   Next: 53%
Magic:  8/8        EV: 11    Int: 21    God:    Makhleb [......]
Gold:   146        SH:  0    Dex: 15    Spells: 8/8 levels left

rFire    . . .     SeeInvis .   a - +4 halberd (freeze)
rCold    . . .     Gourm    .   (shield currently unavailable)
rNeg     . . .     Faith    .   B - +1 chain mail {rC+}
rPois    +         Spirit   .   d - +1 hat
rElec    .         Reflect  .   z - +1 cloak of Leaves {+Inv rPois Int+6 Dex-2}
rCorr    +                      p - +0 pair of gloves
MR       .....                  l - +1 pair of boots
Stlth    ..........             (no amulet)
HPRegen  0.23/turn              h - ring of Ashroqoill {rC- rCorr Int+4 Dex+3 Stlth+}
MPRegen  0.11/turn              v - +5 ring of dexterity

@: no status effects
A: retaliatory headbutt, horns 2
a: Renounce Religion, Evoke Invisibility


You were on level 8 of the Dungeon.
You worshipped Makhleb.
Makhleb was noncommittal.
You were not hungry.

You visited 2 branches of the dungeon, and saw 9 of its levels.

You collected 509 gold pieces.
You spent 363 gold pieces at shops.

Inventory:

Hand Weapons
 a - a +4 halberd of freezing (weapon)
 s - a +3 hand axe of electrocution
 w - a +0 blowgun
 F - a +3 mace
 L - a +2 flail of freezing
Missiles
 A - 56 poisoned tomahawks (quivered)
Armour
 d - a +1 hat (worn)
 l - a +1 pair of boots (worn)
 p - a +0 pair of gloves (worn)
 z - the +1 cloak of Leaves (worn) {+Inv rPois Int+6 Dex-2}
   (You found it on level 4 of the Dungeon)

   It affects your intelligence (+6).
   It affects your dexterity (-2).
   It protects you from poison.
   It lets you turn invisible.
 B - a +1 chain mail of cold resistance (worn)
 N - a +0 robe
Jewellery
 h - the ring of Ashroqoill (left hand) {rC- rCorr Int+4 Dex+3 Stlth+}
   (You acquired it on level 3 of the Dungeon)

   [ring of resist corrosion]

   It affects your intelligence (+4).
   It affects your dexterity (+3).
   It makes you vulnerable to cold.
   It provides partial protection from all sources of acid and corrosion.
   It makes you more stealthy.
 v - a +5 ring of dexterity (right hand)
 y - an uncursed ring of magical power
 C - an uncursed ring of resist corrosion {unknown}
Wands
 c - a wand of digging (6)
 D - a wand of paralysis (4)
 H - a wand of acid (7)
Scrolls
 f - 2 scrolls of enchant armour
 g - 2 scrolls of magic mapping
 i - 3 scrolls of identify
 k - 7 scrolls of remove curse
 m - a scroll of amnesia
 o - 2 scrolls of blinking
 q - a scroll of fear
 t - a scroll of vulnerability {unknown}
 E - a scroll of noise {unknown}
 M - a scroll of teleportation
Potions
 b - a potion of brilliance {unknown}
 j - a potion of magic {unknown}
 n - 2 potions of might {unknown}
 r - a potion of cancellation {unknown}
 u - 2 potions of degeneration {unknown}
 x - a potion of haste
 G - a potion of mutation {unknown}
 I - a potion of heal wounds {unknown}
 J - a potion of agility {unknown}
 K - a potion of ambrosia {unknown}
Comestibles
 e - 9 rations {!d}
 O - 2 chunks of flesh


   Skills:
 + Level 7.2 Fighting
 - Level 0.2(6.1) Axes
 * Level 9.9 Maces & Flails
 + Level 7.1 Armour
 + Level 7.4 Dodging
 - Level 2.6 Stealth


You had 8 spell levels left.
You didn't know any spells.
Your spell library contained the following spells:

 Spells                   Type           Power        Failure   Level  Hunger
 Sandblast                Erth           #.....       86%         1    None
 Passwall                 Tmut/Erth      #.......     94%         2    ####...
 Stone Arrow              Conj/Erth      #.....       99%         3    #####..
 Petrify                  Tmut/Erth      #.........   100%        4    ######.
 Lee's Rapid Deconstruct  Erth           #.........   100%        5    #######


Dungeon Overview and Level Annotations

Branches:
Dungeon (8/12)             Temple (1/1) D:7
   Lair: D:7-9          Orc: D:8-11

Altars:
Ashenzari
Dithmenos
Elyvilon
Fedhas
Gozag
Hepliaklqana
Kikubaaqudgha
Lugonu
Makhleb
Okawaru
Qazlal
Sif Muna
Uskayaw
Wu Jian
Xom
The Shining One

Shops:
D:6 (*?[%

Annotations:
D:6 1 runed door
D:8 Harold


Innate Abilities, Weirdness & Mutations

You reflexively headbutt those who attack you in melee.
You have a pair of horns on your head.


Message History

You are too injured to fight recklessly!
You are too injured to fight recklessly!
You are too injured to fight recklessly!
You are too injured to fight recklessly!
You are too injured to fight recklessly!
You are too injured to fight recklessly!
You are too injured to fight recklessly!
The wolf spider zombie hits you but does no damage.
The wolf spider zombie misses you.
Harold hits you from afar with a +1 trident of piercing!
Ssssck.
The wolf spider zombie hits you!
* * * LOW HITPOINT WARNING * * *
The wolf spider zombie bites you.
* * * LOW HITPOINT WARNING * * *
Harold hits you from afar with a +1 trident of piercing.
* * * LOW HITPOINT WARNING * * *
x2 You see here 2 throwing nets {=f}.
Harold casts a spell at you. The bolt of fire hits you!!
You die...

.## #...
......# ....
... .......
....##.##......
........#.).#
...........#
#.......##
♣.##..@..#
♣#Z(....#
♣.@.....#
♣♣<.#......#
♣..###...###
#....#####
##..## ####


You could see Harold and a wolf spider zombie.

Vanquished Creatures
  3 trolls (D:7)
  Grinder (D:4)
  A hippogriff (D:7)
  A black bear (D:7)
  An ice beast (D:7)
  A phantom (D:5)
  4 ogres
  A centaur (D:5)
  2 bullfrogs
  The ghost of Lazarus1551 the Vexing, a weakling DgWn of Demigod (D:3)
  4 wights (D:7)
  A howler monkey (D:5)
  5 crimson imps
  5 hounds
  3 quasits
  A bullfrog zombie (D:7)
  A jelly (D:5)
  2 orc wizards
  3 iguanas
  Jessica (D:3)
  A worker ant (D:6)
  A hound skeleton (D:5)
  A hound zombie (D:7)
  A worker ant zombie (D:5)
  A howler monkey skeleton (D:5)
  4 gnolls (D:5)
  4 adders
  2 shadow imps
  An ooze (D:3)
  An adder zombie (D:7)
  An adder skeleton (D:6)
  3 worms
  4 dart slugs
  3 leopard geckos
  10 orcs
  2 giant cockroaches
  9 goblins
  13 hobgoblins
  5 jackals (D:3)
  6 kobolds
  3 quokkas
  A ball python (D:1)
  6 bats
  2 frilled lizards (D:1)
  2 rats (D:3)
129 creatures vanquished.

Notes
Turn   | Place    | Note
-------+----------+-------------------------------------------
     0 | D:1      | iceDog the Minotaur Archaeologist began the quest for the
                  | Orb.
     0 | D:1      | Reached XP level 1. HP: 16/16 MP: 0/0
   116 | D:1      | Reached XP level 2. HP: 16/23 MP: 1/1
   210 | D:1      | Reached skill level 2 in Maces & Flails
   276 | D:1      | Reached skill level 1 in Armour
   619 | D:2      | Reached XP level 3. HP: 25/29 MP: 2/2
   859 | D:2      | Found a shattered altar of Ashenzari.
  1174 | D:2      | Reached XP level 4. HP: 36/37 MP: 3/3
  1534 | D:3      | Reached skill level 3 in Maces & Flails
  1662 | D:3      | Found a transporter.
  1741 | D:3      | Found a transporter.
  1763 | D:3      | Reached XP level 5. HP: 43/44 MP: 4/4
  1763 | D:3      | Identified a scroll of acquirement
  1769 | D:3      | Identified the +1 hat "Jeife" {+Inv Str-2 Dex+2} (You
                  | acquired it on level 3 of the Dungeon)
  1769 | D:3      | Identified the ring of Ashroqoill {rC- rCorr Int+4 Dex+3
                  | Stlth+} (You acquired it on level 3 of the Dungeon)
  1874 | D:3      | Noticed Lazarus1551's ghost (weakling DgWn)
  2089 | D:3      | Found a corrupted altar of Lugonu.
  2148 | D:3      | Noticed Jessica
  2152 | D:3      | Killed Jessica
  2154 | D:3      | Noticed an ogre
  2160 | D:3      | Killed an ogre
  2161 | D:3      | Reached skill level 4 in Maces & Flails
  2161 | D:3      | Reached XP level 6. HP: 51/51 MP: 5/5
  2337 | D:3      | Killed Lazarus1551's ghost
  2466 | D:4      | Reached skill level 5 in Maces & Flails
  2587 | D:4      | Noticed Grinder
  2597 | D:4      | Paralysed by Grinder for 3 turns
  2614 | D:4      | Killed Grinder
  2615 | D:4      | Reached skill level 5 in Dodging
  2615 | D:4      | Reached XP level 7. HP: 18/60 MP: 6/6
  2866 | D:4      | Got a shimmering cloak
  2893 | D:4      | Reached skill level 6 in Maces & Flails
  3018 | D:5      | Entered Level 5 of the Dungeon
  3144 | D:5      | Reached skill level 5 in Fighting
  3210 | D:5      | Identified the +1 cloak of Leaves {+Inv rPois Int+6 Dex-2}
                  | (You found it on level 4 of the Dungeon)
  3357 | D:5      | Found an iron altar of Okawaru.
  3397 | D:5      | Reached XP level 8. HP: 68/68 MP: 7/7
  3429 | D:5      | Reached skill level 5 in Armour
  3477 | D:5      | Reached skill level 7 in Maces & Flails
  4356 | D:6      | Found Loaretipt's Armour Emporium.
  4359 | D:6      | Bought a +1 chain mail of cold resistance for 214 gold
                  | pieces
  4457 | D:6      | Found Xemot's Magic Scroll Emporium.
  4466 | D:6      | Bought a scroll of identify for 26 gold pieces
  4466 | D:6      | Bought a scroll of identify for 26 gold pieces
  4466 | D:6      | Bought a scroll of enchant armour for 97 gold pieces
  4551 | D:6      | Found Qeapref's Weapon Shoppe.
  4682 | D:6      | Found a runed door.
  4773 | D:6      | Found Ruahyc's Food Boutique.
  4881 | D:6      | Found Rocemnam's Assorted Antiques.
  4982 | D:7      | Noticed a hippogriff
  4996 | D:7      | Killed a hippogriff
  4997 | D:7      | Reached skill level 8 in Maces & Flails
  5022 | D:7      | Noticed a troll
  5028 | D:7      | Killed a troll
  5034 | D:7      | Reached XP level 9. HP: 34/78 MP: 8/8
  5234 | D:7      | Found an ancient bone altar of Kikubaaqudgha.
  5281 | D:7      | Found a staircase to the Ecumenical Temple.
  5290 | Temple   | Entered the Ecumenical Temple
  5350 | Temple   | Became a worshipper of Makhleb the Destroyer
  5367 | D:7      | Noticed a troll
  5371 | D:7      | Reached skill level 9 in Maces & Flails
  5384 | D:7      | Killed a troll
  5643 | D:7      | Noticed a troll
  5653 | D:7      | Killed a troll
  5726 | D:8      | Noticed Harold
  5738 | D:8      | Killed from afar by Harold

Skill      XL: |  1  2  3  4  5  6  7  8  9 |
---------------+----------------------------+-----
Maces & Flails | 2 3 4 5 6 8 9 |  9.9
Armour         | 1 2 3 4 6 7 |  7.1
Fighting       | 2 3 4 5 6 7 |  7.2
Dodging        | 4 5 6 7 |  7.4
Axes           | |  0.2
Stealth        | |  2.6

Action                   |  1- 3 |  4- 6 |  7- 9 || total
-------------------------+-------+-------+-------++-------
Melee: Whip              |    74 |       |       ||    74
       Headbutt          |     7 |    15 |    37 ||    59
       Hand axe          |    22 |    95 |   160 ||   277
       Halberd           |       |       |     6 ||     6
 Fire: Blowgun           |       |     6 |       ||     6
Evoke: Wand              |       |       |     5 ||     5
  Use: Scroll            |     1 |     2 |     8 ||    11
 Stab: Sleeping          |     1 |     1 |       ||     2
       Paralysed         |       |       |     5 ||     5
  Eat: Chunk             |     3 |     6 |    13 ||    22
       Ration            |       |     1 |       ||     1
Armor: Robe              |    15 |       |       ||    15
       Scale mail        |    18 |    60 |       ||    78
       Chain mail        |       |     3 |   121 ||   124
Dodge: Dodged            |    54 |    88 |    84 ||   226
